 Dungeon Crawl Stone Soup version 0.20-a0-1006-ge6c5631 (webtiles) character file.

300 Murumi the Covert (level 6, -9/51 HPs)
             Began as a Naga Enchanter on Apr 13, 2017.
             Killed by divine providence
             ... invoked by an orc priest
              (11 damage)
             ... on level 3 of the Dungeon.
             The game lasted 00:10:04 (2840 turns).

Murumi the Covert (Naga Enchanter)                  Turns: 2840, Time: 00:10:04

Health: -9/51      AC:  3    Str: 10    XL:     6   Next: 36%
Magic:  9/9        EV: 10    Int: 15    God:
Gold:   88         SH:  0    Dex: 14    Spells: 3/9 levels left

rFire    . . .     SeeInvis +   a - +1 dagger
rCold    . . .     Gourm    .   (no shield)
rNeg     . . .     Faith    .   b - +0 robe
rPois    +         Spirit   .   (helmet restricted)
rElec    .         Reflect  .   (no cloak)
rCorr    +         Harm     .   (no gloves)
MR       .....                  (no barding)
Stlth    +++++.....             (no amulet)
Regen    0.2/turn               i - ring of stealth
MPRegen  0.2/turn               j - ring of resist corrosion

@: short of breath, hasted, quick
A: horns 1, see invisible, deformed body, poison resistance, slowness 2, slow
metabolism 1, spit poison 1, AC +2
a: Spit Poison


You were on level 3 of the Dungeon.
You were not hungry.

You visited 1 branch of the dungeon, and saw 3 of its levels.

You collected 88 gold pieces.

Inventory:

Hand Weapons
 a - a +1 dagger (weapon)
Armour
 b - a +0 robe (worn)
Jewellery
 i - a ring of stealth (left hand)
 j - a ring of resist corrosion (right hand)
Scrolls
 f - 2 scrolls of remove curse
 h - a scroll of teleportation
Potions
 e - 3 potions of flight
 g - a potion of haste
 k - a potion of might
Books
 c - a book of Maledictions

   Spells                             Type                      Level
   a - Corona                         Hexes                        1
   b - Ensorcelled Hibernation        Hexes/Ice                    2
   c - Confuse                        Hexes                        3
   d - Tukima's Dance                 Hexes                        3
   e - Dazzling Spray                 Conjuration/Hexes            3
Comestibles
 d - 5 bread rations
 l - a fruit


   Skills:
 + Level 1.2 Fighting
 - Level 3.0 Short Blades
 - Level 2.0 Dodging
 - Level 9.0 Stealth
 - Level 2.0 Spellcasting
 - Level 3.0 Hexes


You had 3 spell levels left.
You knew the following spells:

 Your Spells              Type           Power        Failure   Level  Hunger
a - Corona                Hex            ##.....      8%          1    #......
b - Ensorcelled Hibernat  Hex/Ice        #.....       17%         2    ###....
c - Confuse               Hex            ##......     21%         3    ###....


Dungeon Overview and Level Annotations

Branches:
Dungeon (3/15)

Altars:
Elyvilon


Innate Abilities, Weirdness & Mutations

You cannot wear boots.
Your serpentine skin is tough. (AC +2)
You have supernaturally acute eyesight. (SInv)
Armour fits poorly on your strangely shaped body.
Your system is resistant to poisons. (rPois)
You cover ground very slowly.
You have a slow metabolism.
You can spit poison.
You have a pair of small horns on your head.


Message History

* * * LOW HITPOINT WARNING * * *
The orc hits you.
* * * LOW HITPOINT WARNING * * *
You hit the orc but do no damage.
The orc priest looks more healthy.
The orc hits you.
* * * LOW HITPOINT WARNING * * *
It was a potion of haste.
You feel yourself speed up. The orc hits you.
* * * LOW HITPOINT WARNING * * *
It was a potion of curing.
You feel better.
You hit the orc but do no damage.
The orc priest mumbles some strange prayers to Beogh against you.
Beogh smites you!
* * * LOW HITPOINT WARNING * * *
The orc closely misses you.
You can't do that yet.
Unknown command.
You hit the orc but do no damage.
The orc priest calls down the wrath of Beogh upon you.
Beogh smites you!
You die...

#...............####.....####
#......................#...##
#................###....##...
#.†..............# #.........
#................#....#######
##..................## #
##.....#..........#
####.#####..####.# #..<.#
##@# #....# ####o####.###
#....# #...oo.......
#....##..###....o... #.......
#........ #....## #........
#....# #........ #....#
#########


You could see 2 orc priests and an orc.

Vanquished Creatures
  An ice beast (D:3)
  A sky beast (D:3)
  Jessica (D:2)
  An adder (D:2)
  A worm (D:2)
  A dart slug (D:1)
  3 leopard geckos
  6 orcs (D:3)
  4 giant cockroaches
  3 goblins
  5 hobgoblins
  4 jackals (D:1)
  A quokka (D:2)
  10 bats
  4 frilled lizards
  8 kobolds
  8 rats
62 creatures vanquished.

Notes
Turn   | Place    | Note
-------+----------+-------------------------------------------
     0 | D:1      | Murumi the Naga Enchanter began the quest for the Orb.
     0 | D:1      | Reached XP level 1. HP: 15/15 MP: 3/3
   360 | D:1      | Reached XP level 2. HP: 13/22 MP: 5/5
   563 | D:1      | Reached skill level 5 in Stealth
   573 | D:1      | Learned a level 2 spell: Ensorcelled Hibernation
   762 | D:1      | Reached skill level 1 in Fighting
  1098 | D:1      | Reached XP level 3. HP: 5/31 MP: 6/6
  1906 | D:2      | Reached skill level 6 in Stealth
  1911 | D:2      | Learned a level 3 spell: Confuse
  1918 | D:2      | Noticed Jessica
  1921 | D:2      | Killed Jessica
  1921 | D:2      | Reached XP level 4. HP: 38/38 MP: 4/7
  2036 | D:2      | Reached skill level 7 in Stealth
  2434 | D:3      | Found a white marble altar of Elyvilon.
  2469 | D:3      | Noticed a sky beast
  2476 | D:3      | Killed a sky beast
  2476 | D:3      | Reached skill level 8 in Stealth
  2476 | D:3      | Reached XP level 5. HP: 44/44 MP: 8/8
  2479 | D:3      | Gained mutation: You have a pair of small horns on your head. [mutagenic meat]
  2584 | D:3      | Reached skill level 9 in Stealth
  2629 | D:3      | Noticed an ice beast
  2634 | D:3      | Killed an ice beast
  2634 | D:3      | Reached XP level 6. HP: 51/51 MP: 9/9
  2839 | D:3      | HP: 2/51 [orc priest/divine providence (11)]
  2840 | D:3      | Killed from afar by an orc priest

Vault maps used:
D:1:      saegor_arrival_simple_c, serial_bayou_lake_a
D:2:      first_bread, st_stairs_7, minmay_misc_feat_secret_circle, uniq_jessica
D:3:      elyvilon_altar_1, gammafunk_temple_overflow_wave, minmay_crystal_room

Skill      XL: |  1  2  3  4  5 |
---------------+----------------+-----
Dodging        | 2 |  2.0
Stealth        | 5 6 8 9 |  9.0
Fighting       | 1 |  1.2
Short Blades   | 3 |  3.0
Spellcasting   | |  2.0
Hexes          | |  3.0

Action                   |  1- 3 |  4- 6 || total
-------------------------+-------+-------++-------
Melee: Dagger            |    82 |    62 ||   144
       Headbutt          |       |     6 ||     6
 Cast: Ensorcelled Hiber |     1 |       ||     1
 Abil: Spit Poison       |    28 |     8 ||    36
  Use: Scroll            |     2 |     4 ||     6
       Potion            |       |     2 ||     2
 Stab: Sleeping          |    10 |    12 ||    22
  Eat: Chunk             |     3 |     4 ||     7
Armor: Robe              |    17 |    11 ||    28
Dodge: Dodged            |    68 |    26 ||    94
